 Dungeon Crawl Stone Soup version 0.20-a0-501-g0de2c2e (webtiles) character file.

305 AlphabetPasta the Chiller (level 6, 0/41 HPs)
             Began as a Barachian Ice Elementalist on Jan 19, 2017.
             Slain by an ice beast (13 damage)
             ... on level 2 of the Dungeon.
             The game lasted 00:15:19 (2847 turns).

AlphabetPasta the Chiller (BaIE)                    Turns: 2847, Time: 00:15:19

Health: 0/41       AC:  4    Str:  6    XL:     6   Next: 39%
Magic:  11/11      EV: 12    Int: 16    God:
Gold:   105        SH:  0    Dex: 11    Spells: 1/11 levels left

rFire    . . .     SeeInvis +   (no weapon)
rCold    . . .     Gourm    .   a - +1 robe
rNeg     . . .     Faith    .   (no shield)
rPois    .         Spirit   .   p - +0 helmet
rElec    .         Reflect  .   (no cloak)
rCorr    .         Harm     .   (no gloves)
MR       .....                  (no boots)
Stlth    ++........             (no amulet)
Regen    0.2/turn               (no ring)
                                q - ring of see invisible

@: can't hop, slow
A: swims, slowness 1, strong legs 1
a: Hop


You were on level 2 of the Dungeon.
You were not hungry.

You visited 1 branch of the dungeon, and saw 3 of its levels.

You collected 105 gold pieces.

Inventory:

Missiles
 k - a javelin (quivered)
Armour
 a - a +1 robe (worn)
 p - a +0 helmet (worn)
Jewellery
 q - a ring of see invisible (left hand)
Wands
 d - a wand of random effects (20/48)
Scrolls
 e - 2 scrolls of recharging
 h - 2 scrolls of remove curse
 j - 2 scrolls of enchant armour
Potions
 f - a potion of mutation {unknown}
 i - 2 potions of lignification
 m - a potion of cure mutation {unknown}
 n - a potion of curing {unknown}
 r - a potion of flight {unknown}
Books
 b - a book of Frost

   Spells                             Type                      Level
   a - Freeze                         Ice                          1
   b - Throw Frost                    Conjuration/Ice              2
   c - Ozocubu's Armour               Charms/Ice                   3
   d - Throw Icicle                   Conjuration/Ice              4
   e - Summon Ice Beast               Ice/Summoning                4
Comestibles
 c - 2 bread rations
 g - 2 beef jerkies
 l - 2 chunks of flesh


   Skills:
 - Level 2.0 Dodging
 - Level 2.0 Stealth
 + Level 3.4 Spellcasting
 + Level 2.6 Conjurations
 * Level 6.1 Ice Magic


You had one spell level left.
You knew the following spells:

 Your Spells              Type           Power        Failure   Level  Hunger
a - Freeze                Ice            ###.         1%          1    None
b - Throw Frost           Conj/Ice       ###...       6%          2    ##.....
c - Ozocubu's Armour      Chrm/Ice       ##......     17%         3    ###....
d - Throw Icicle          Conj/Ice       ###.....     34%         4    ####...


Dungeon Overview and Level Annotations

Branches:
Dungeon (3/15)

Altars:


Innate Abilities, Weirdness & Mutations

You can swim through water.
You cover ground slowly.
You can hop short distances.


Message History

Throwing (i - inventory):
k - 4 javelins (quivered)
Press: ? - help, Shift-Dir - straight line, f - ice beast
Aim: an ice beast You throw a javelin.
The javelin hits the ice beast but does no damage.
The ice beast closely misses you.
Throwing (i - inventory):
k - 3 javelins (quivered)
Press: ? - help, Shift-Dir - straight line, f/p - ice beast
Aim: an ice beast You throw a javelin.
The javelin barely misses the ice beast.
The ice beast closely misses you. The ice beast hits you.
The ice beast freezes you!
Throwing (i - inventory):
k - 2 javelins (quivered)
Press: ? - help, Shift-Dir - straight line, f/p - ice beast
Aim: an ice beast You throw a javelin.
The javelin hits the ice beast but does no damage.
The ice beast hits you. The ice beast freezes you!
You die...

#.#####.###.#>..#..#.#.###.......
#.##.........)..##.#.#.# #.###.#.
#.........(.....##.#.#.# #.#....>
####.##.........##.#.#.# #.#.....
#.##..##.##.###.#.#.# #.......
#.##..##.##.# #.#.#.# #.......
#.##..##..#.###(.#..# #.......
#.##....#.#.#.Y.###.###..##).#
#.###.#.#.#.#@.## ##.........#
#.# #.#.#.#.#.#.###.###...###.
#.###.#.#.#.#.##.#.## #...# #.
#...........#.###.## ##..###.
#...........#.# ##### #.#...#
##.####.#...#.###...####......
#.# #.#...................## #.#
#.#............######## #.#
##.##.##........#


You could see an ice beast.

Vanquished Creatures
  A scorpion (D:3)
  An orc priest (D:3)
  Natasha (thrice) (D:2)
  Robin (D:2)
  3 adders
  3 oozes
  A worm (D:2)
  A leopard gecko (D:2)
  4 orcs
  2 ball pythons
  16 giant cockroaches
  15 goblins
  11 hobgoblins
  5 jackals
  9 kobolds
  4 bats
  7 frilled lizards
  3 rats
90 creatures vanquished.

Vanquished Creatures (others)
  A bat (D:2)
1 creature vanquished.

Grand Total: 91 creatures vanquished

Notes
Turn   | Place    | Note
-------+----------+-------------------------------------------
     0 | D:1      | AlphabetPasta the Barachian Ice Elementalist began the quest for the Orb.
     0 | D:1      | Reached XP level 1. HP: 13/13 MP: 3/3
   377 | D:1      | Reached XP level 2. HP: 19/19 MP: 1/5
   381 | D:1      | Learned a level 2 spell: Throw Frost
   851 | D:1      | Reached skill level 4 in Ice Magic
   851 | D:1      | Reached XP level 3. HP: 24/24 MP: 4/6
   856 | D:1      | Learned a level 3 spell: Ozocubu's Armour
   976 | D:2      | Learned a level 3 spell: Ozocubu's Armour
  1348 | D:2      | Reached XP level 4. HP: 30/30 MP: 5/8
  1349 | D:2      | Noticed Natasha
  1358 | D:2      | Killed Natasha
  1513 | D:2      | Noticed Robin
  1579 | D:2      | Killed Robin
  1579 | D:2      | Reached skill level 5 in Ice Magic
  1682 | D:2      | Reached XP level 5. HP: 35/35 MP: 7/9
  1793 | D:2      | Learned a level 4 spell: Throw Icicle
  1901 | D:2      | Noticed Natasha
  1906 | D:2      | Killed Natasha
  2199 | D:2      | Noticed Natasha
  2205 | D:2      | Killed Natasha
  2670 | D:3      | Reached XP level 6. HP: 41/41 MP: 5/10
  2799 | D:3      | Noticed an ice beast
  2801 | D:3      | Reached skill level 6 in Ice Magic
  2847 | D:2      | Slain by an ice beast

Vault maps used:
D:1:      dpeg_arrival_simpleton_b
D:2:      uniq_robin, uniq_natasha
D:3:      minmay_roachtagon, first_bread

Skill      XL: |  1  2  3  4  5  6 |
---------------+-------------------+-----
Ice Magic      | 4 5 6 |  6.1
Spellcasting   | 3 |  3.4
Conjurations   | 2 |  2.6
Dodging        | |  2.0
Stealth        | |  2.0

Action                   |  1- 3 |  4- 6 || total
-------------------------+-------+-------++-------
Melee: Unarmed           |    13 |    32 ||    45
Throw: Javelin           |    13 |     3 ||    16
 Cast: Freeze            |    50 |    93 ||   143
 Abil: Hop               |     1 |     1 ||     2
  Use: Scroll            |     5 |     1 ||     6
       Potion            |       |     1 ||     1
 Stab: Sleeping          |     1 |     2 ||     3
  Eat: Chunk             |     3 |     3 ||     6
       Meat ration       |       |     1 ||     1
Armor: Robe              |     8 |    30 ||    38
       Skin              |       |     7 ||     7
Dodge: Dodged            |    36 |   102 ||   138
